 Dungeon Crawl Stone Soup version 0.28-a0-1510-gd0f6b136d3 (webtiles) character file.

Game seed: 536910671110124463

161630 ytrimaz the Warrior (level 17, 0/146 HPs)
             Began as a Demonspawn Berserker on Jan 16, 2022.
             Was a High Priest of Trog.
             Slain by a wolf spider (4 damage)
             ... on level 3 of the Spider Nest.
             The game lasted 00:49:23 (37324 turns).

ytrimaz the Warrior (Demonspawn Berserker)         Turns: 37324, Time: 00:49:24

Health: 0/146      AC: 28    Str: 23 (24) XL:     17   Next: 20%
Magic:  17/17      EV: 14    Int:  4 (5)  God:    Trog [*****.]
Gold:   1110       SH:  5    Dex: 18 (19) Spells: 16/16 levels left

rFire   . . .      SeeInvis .   s - +10 quarterstaff of the Many Yaks {vorpal, rN+ Str+5 Int-4 Dex+4}
rCold   + . .      Faith    .   (shield currently unavailable)
rNeg    + + .      Spirit   .   C - +5 chain mail of Lifelessness {rN+ Str-4 Slay+3}
rPois   +          Reflect  +   y - +1 helmet
rElec   .          Harm     .   (cloak unavailable)
rCorr   .          Rampage  .   r - +0 pair of gloves
Will    +....                   h - +1 pair of boots
Stlth   ..........              L - amulet of reflection
HPRegen 0.34/turn               D - +4 ring of slaying
MPRegen 0.15/turn               R - ring "Haipaemi" {rPois rC+}

@: mighty
A: thin metallic scales 2, demonic guardian 2, powered by pain 3, augmentation
1, weakness stinger 3
a: Renounce Religion, Berserk, Trog's Hand, Brothers in Arms


You were on level 3 of the Spider Nest.
You worshipped Trog.
Trog was extremely pleased with you.
You visited 4 branches of the dungeon, and saw 27 of its levels.
You also visited: Gauntlet.

You collected 2915 gold pieces.
You spent 1805 gold pieces at shops.

Inventory:

Hand Weapons
 n - a +0 halberd
 s - the +10 quarterstaff of the Many Yaks (weapon) {vorpal, rN+ Str+5 Int-4 Dex+4}
   (You found it on level 6 of the Dungeon)

   It inflicts extra damage upon your enemies.
   Str:       It affects your strength (+5).
   Int:       It affects your intelligence (-4).
   Dex:       It affects your dexterity (+4).
   rN:        It protects you from negative energy.
 x - a +1 halberd of freezing
 M - a +1 lajatang
 W - a +2 vorpal demon trident
Missiles
 q - 20 boomerangs (quivered)
 z - 5 throwing nets
 S - 7 javelins
Armour
 d - a +0 tower shield
 h - a +1 pair of boots (worn)
 r - a +0 pair of gloves (worn)
 y - a +1 helmet (worn)
 C - the +5 chain mail of Lifelessness (worn) {rN+ Str-4 Slay+3}
   (You bought it in a shop on level 2 of the Orcish Mines)

   Str:       It affects your strength (-4).
   Slay:      It affects your accuracy & damage with ranged weapons and melee
   (+3).
   rN:        It protects you from negative energy.
 F - a +4 plate armour
 V - a +2 plate armour of fire resistance
Jewellery
 b - a ring of ice
 D - a +4 ring of slaying (left hand)
 L - an amulet of reflection (around neck)
 R - the ring "Haipaemi" (right hand) {rPois rC+}
   (You found it in a Gauntlet)

   [ring of poison resistance]

   rC:        It protects you from cold.
   rPois:     It protects you from poison.
 T - a ring of positive energy
 U - a ring of ice
Wands
 e - a wand of acid (10)
 p - a wand of iceblast (13)
 u - a wand of polymorph (29)
 B - a wand of flame (42)
 H - a wand of charming (5)
Scrolls
 a - 7 scrolls of fog
 f - 7 scrolls of teleportation
 l - a scroll of identify
 o - a scroll of torment
 t - 5 scrolls of vulnerability
 w - 2 scrolls of immolation
 G - 4 scrolls of fear
 J - 2 scrolls of enchant weapon
 Q - 3 scrolls of enchant armour
Potions
 c - 5 potions of curing
 i - 4 potions of brilliance
 j - 5 potions of mutation
 m - a potion of lignification
 v - 5 potions of might
 A - 4 potions of flight
 E - 3 potions of haste
 I - 7 potions of cancellation
 K - 3 potions of berserk rage
 N - a potion of heal wounds
 O - a potion of magic


   Skills:
 * Level 16.6 Fighting
 - Level 2.9(4.0) Axes
 - Level 4.2(10.6) Polearms
 - Level 14.6(14.9) Staves
 * Level 7.2 Throwing
 * Level 16.0 Armour
 * Level 10.6 Dodging
 - Level 0.1 Shields


You had 16 spell levels left.
You didn't know any spells.
Your spell library was empty.

Dungeon Overview and Level Annotations

Branches:
Dungeon (15/15)            Temple (0/1) D:7            Lair (6/6) D:9
  Swamp (0/4) Lair:4       Spider (4/4) Lair:3        Slime (0/5) Lair:5
    Orc (2/2) D:12            Elf (0/3) Orc:2        Vaults (0/5) D:13
 Depths (0/4) D:15        Gauntlet (visited)

Altars:
Cheibriados
Fedhas
Nemelex Xobeh
Xom
The Shining One

Shops:
D:3 *   Orc:2 ([[:

Annotations:
D:13 exclusion: 2 oklob plants
D:15 1 runed translucent door, Sapheram's ghost, journeyman DsGl
Lair:3 exclusion: oklob plant
Spider:4 Donald


Innate Abilities, Weirdness & Mutations

You are mostly covered in thin metallic scales. (AC +3)
A demonic guardian rushes to your aid.
You are powered by pain.
Your magical and physical power is slightly enhanced at high health.
You have a sharp stinger which inflicts weakening toxins.


Message History

Unknown command.
Your soul eater hits the culicivora.
Your soul eater drains the culicivora.
The tarantella's wounds heal themselves!
Unknown command.
You swap places.
The tarantella touches your soul eater!
The culicivora bites you but does no damage.
The wolf spider hits your soul eater.
The wolf spider bites your soul eater but does no damage.
Your soul eater hits the wolf spider!
The culicivora barely misses you.
Unknown command.
You bludgeon the culicivora!!
You kill the culicivora!
Trog accepts your kill.
A freezing mist starts to gather...
A culicivora simulacrum comes into view.
The redback barely misses your soul eater.
Your soul eater hits the wolf spider.
Your soul eater drains the wolf spider.
Unknown command.
You sock the culicivora simulacrum!
Your tail-slap misses the culicivora simulacrum.
The culicivora simulacrum is severely damaged.
The wolf spider hits you!
* * * LOW HITPOINT WARNING * * *
A demonic guardian appears!
The wolf spider bites you but does no damage.
The redback bites your soul eater but does no damage.
The tarantella touches your soul eater.
The redback bites you but does no damage.
Unknown command.
You feel better.
The wolf spider hits you but does no damage.
The wolf spider closely misses you. The redback bites your soul eater!
The culicivora simulacrum bites you but does no damage.
The tarantella touches your soul eater but does no damage.
Your soul eater misses the tarantella.
The redback bites you but does no damage.
The wolf spider hits you!
* * * LOW HITPOINT WARNING * * *
The wolf spider bites you.
You die...

##..##..^.###
#...^.......###
#...#†......#
##.####.......#
##...†......# ###
##.......# ##.#......^###
#....##### ###..^...##^##
##........ ###....##..#
##..(.... #..#.##..##
#^...^... ##^###s.Z.##
####....≈ #####.3s@...##
##...≈ #.....s3##...#
#...≈ #.....s.###.##
##..≈ ###......^####
######.≈
#.........##.#####...##≈≈
##........#...#.......##≈
##.......#...#....≈≈≈≈≈≈
###
##.^.......^..##...≈...≈.
..##
#..###.......###≈≈≈≈...≈.


You could see a wolf spider (soul bound, drained), a tarantella (soul bound,
ally target), 2 redbacks, a culicivora simulacrum, a friendly soul eater
(summoned) and a friendly sun demon (summoned).

Vanquished Creatures
  Arachne (Spider:4)
  Rupert (D:13)
  Gastronok (Lair:2)
  Frances (D:13)
  Roxanne (Spider:1)
  5 emperor scorpions
  2 ghost moths
  3 broodmothers (Spider:1)
  A minotaur (Gauntlet)
  2 spark wasps
  7 entropy weavers
  2 fire dragons (D:15)
  Erolcha (D:9)
  10 hydras
  9 boulder beetles
  A vault guard (D:13)
  Fannar (D:12)
  An anaconda (Lair:6)
  9 centaur warriors
  3 two-headed ogres
  3 radroaches (Spider:3)
  4 death yaks
  4 tengu warriors
  Sonja (Lair:2)
  Nergalle (D:12)
  10 pharaoh ants
  2 sun moths
  10 orb spiders
  4 steelbarb worms (Spider:2)
  3 wizards
  An orc knight (Orc:2)
  2 deep elf pyromancers
  5 ugly things
  8 cyclopes
  An orc sorcerer (Orc:1)
  13 wolf spiders
  3 moths of wrath
  4 manticores
  A moth of wrath (shapeshifter) (D:10)
  Joseph (D:8)
  Maurice (D:8)
  A black mamba (Lair:4)
  14 elephants
  8 cane toads
  2 torpor snails (Spider:2)
  Maggie (D:6)
  3 gargoyles
  A yaktaur (shapeshifter) (D:14)
  A rime drake (Lair:4)
  An unseen horror (D:11)
  2 kobold demonologists (D:12)
  4 demonic crawlers
  A freezing wraith (D:15)
  A yaktaur (D:13)
  14 komodo dragons
  3 meliai (Spider:1)
  A tyrant leech (Gauntlet)
  6 hornets
  7 polar bears
  9 trolls
  3 slime creatures (D:12)
  13 tarantellas
  14 blink frogs (Lair:5)
  A wolf spider simulacrum (Gauntlet)
  7 dream sheep
  48 jumping spiders
  2 vampires
  A centaur simulacrum (Gauntlet)
  13 culicivoras
  11 spriggans (Lair:6)
  A shadow (D:10)
  61 yaks
  3 wraiths
  6 wyverns
  5 basilisks
  Grum (D:8)
  5 vampire mosquitoes
  2 steam dragons
  21 humans (D:13)
  65 redbacks
  4 wargs
  3 swamp worms (Gauntlet)
  14 water moccasins
  A hydra simulacrum (Gauntlet)
  An acid dragon (D:9)
  A floating eye (D:13)
  35 orc warriors
  An ice beast (D:7)
  A necrophage (D:6)
  4 black bears
  4 ogres
  4 boggarts (Lair:6)
  17 centaurs
  28 wolves
  2 phantoms
  7 bullfrogs
  5 kobold brigands
  A gnoll sergeant (D:9)
  A wyvern zombie (D:6)
  2 scorpions (D:7)
  2 electric eels
  A howler monkey (D:5)
  6 jellies
  A bullfrog zombie (D:5)
  2 centaur zombies
  2 hounds
  16 orc priests
  Crazy Yiuf (D:4)
  4 bullfrog skeletons
  Terence (D:3)
  19 orc wizards
  10 hell rats (Lair:4)
  A killer bee zombie (D:5)
  A howler monkey zombie (D:7)
  A howler monkey skeleton (D:5)
  6 gnolls
  6 adders
  4 shadow imps
  A white imp (D:5)
  An adder zombie (D:5)
  2 worms
  2 dart slugs
  68 orcs
  6 ball pythons
  8 endoplasms
  2 giant cockroaches
  2 goblins (D:3)
  7 hobgoblins
  3 jackals (D:3)
  2 quokkas
  5 bats
  4 frilled lizards
  28 kobolds
  4 rats
  A plant (Lair:1)
873 creatures vanquished.

Vanquished Creatures (collateral kills)
  Harold (D:8)
  A boulder beetle (D:12)
  A komodo dragon (D:12)
  An unseen horror (D:11)
  2 demonic crawlers
  A jumping spider (Spider:1)
  3 yaks
  A redback (Spider:1)
  Menkaure (D:4)
  2 orc warriors (Orc:2)
  An ogre (D:5)
  A centaur (Orc:2)
  A scorpion (D:5)
  A jelly (Lair:5)
  A bullfrog skeleton (D:6)
  A hound (D:3)
  A gnoll (D:6)
  A shadow imp (D:6)
  2 orcs (Orc:2)
24 creatures vanquished.

Vanquished Creatures (others)
  A jumping spider (Spider:3)
  A boggart (Lair:6)
  A kobold brigand (D:12)
  An orc priest (Orc:2)
  3 orcs
  14 fungi
  29 plants
  13 toadstools (Lair:3)
  15 withered plants
78 creatures vanquished.

Grand Total: 975 creatures vanquished

Notes
Turn   | Place    | Note
-------+----------+-------------------------------------------
     0 | D:1      | ytrimaz the Demonspawn Berserker began the quest for the
                  | Orb.
     0 | D:1      | Reached XP level 1. HP: 18/18 MP: 1/1
   275 | D:1      | Gained mutation: A weak demonic guardian rushes to your
                  | aid. [demonic ancestry]
   275 | D:1      | Reached XP level 2. HP: 19/24 MP: 2/2
   886 | D:1      | Reached ** piety under Trog
  1037 | D:1      | Found a faded altar of an unknown god.
  1129 | D:2      | Gained mutation: You sometimes gain a little power by
                  | taking damage. [demonic ancestry]
  1129 | D:2      | Reached XP level 3. HP: 15/29 MP: 3/3
  2402 | D:3      | Gained mutation: You are partially covered in thin metallic
                  | scales. (AC +2) [demonic ancestry]
  2402 | D:3      | Reached XP level 4. HP: 9/37 MP: 4/4
  2671 | D:3      | Found Kanuq's Assorted Antiques.
  2703 | D:3      | Noticed Terence
  2709 | D:3      | Killed Terence
  2710 | D:3      | Reached XP level 5. HP: 41/42 MP: 5/5
  3346 | D:4      | Found a runed translucent door.
  3347 | D:4      | Noticed Crazy Yiuf
  3408 | D:4      | Noticed Menkaure
  3432 | D:4      | Killed Menkaure
  3433 | D:4      | Gained mutation: A demonic guardian rushes to your aid.
                  | [demonic ancestry]
  3433 | D:4      | Reached XP level 6. HP: 6/48 MP: 6/6
  4515 | D:4      | Killed Crazy Yiuf
  4516 | D:4      | Reached skill level 5 in Armour
  4646 | D:5      | Entered Level 5 of the Dungeon
  5131 | D:5      | Reached skill level 1 in Polearms
  5131 | D:5      | Gained mutation: You are mostly covered in thin metallic
                  | scales. (AC +3) [demonic ancestry]
  5131 | D:5      | Reached XP level 7. HP: 53/54 MP: 7/7
  6551 | D:5      | Gained mutation: You sometimes gain power by taking damage.
                  | [demonic ancestry]
  6551 | D:5      | Reached XP level 8. HP: 34/61 MP: 8/8
  6560 | D:6      | Reached *** piety under Trog
  7121 | D:6      | Noticed Maggie
  7137 | D:6      | Killed Maggie
  7138 | D:6      | Reached skill level 5 in Fighting
  7507 | D:6      | Identified the +10 quarterstaff of the Many Yaks {vorpal,
                  | rN+ Str+5 Int-4 Dex+4}
  7937 | D:7      | Found a staircase to the Ecumenical Temple.
  7958 | D:7      | Reached skill level 1 in Staves
  7961 | D:7      | Reached XP level 9. HP: 39/68 MP: 9/9
  8396 | D:7      | Noticed a troll
  8403 | D:7      | Killed a troll
  8404 | D:7      | Reached skill level 5 in Dodging
  8684 | D:7      | Found a sparkling altar of Nemelex Xobeh.
  8921 | D:8      | Noticed Joseph
  8937 | D:8      | Killed Joseph
  9133 | D:8      | Paralysed by a hornet for 3 turns
  9139 | D:8      | Reached skill level 5 in Staves
  9418 | D:8      | Noticed Maurice
  9429 | D:8      | Killed Maurice
  9465 | D:8      | Reached **** piety under Trog
  9544 | D:8      | Gained mutation: You have a small tail. [demonic ancestry]
  9544 | D:8      | Reached XP level 10. HP: 77/77 MP: 10/10
  9761 | D:8      | Noticed Grum
  9781 | D:8      | Killed Grum
  9793 | D:8      | Noticed Harold
  9803 | D:8      | Killed Harold
  9808 | D:8      | Identified the +10 great mace "Upnir" {vamp, rC- Dex+7}
 10267 | D:9      | Noticed Erolcha
 10270 | D:9      | Killed Erolcha
 10354 | D:9      | Found a staircase to the Lair.
 10792 | D:9      | Reached ***** piety under Trog
 11122 | D:10     | Entered Level 10 of the Dungeon
 11158 | D:10     | Noticed a tengu warrior
 11161 | D:10     | Noticed a tengu warrior
 11552 | D:9      | Killed a tengu warrior
 11553 | D:9      | Gained mutation: You have a tail ending in a sharp stinger.
                  | [demonic ancestry]
 11553 | D:9      | Reached XP level 11. HP: 27/84 MP: 11/11
 11960 | D:10     | Killed a tengu warrior
 12403 | D:10     | Noticed a green ugly thing
 12414 | D:10     | Killed a green ugly thing
 12754 | D:11     | Noticed a boulder beetle
 13103 | D:11     | Noticed a boulder beetle
 13168 | D:11     | Killed a boulder beetle
 13169 | D:11     | Reached skill level 10 in Staves
 13169 | D:11     | Reached skill level 10 in Armour
 13281 | D:11     | Killed a boulder beetle
 13708 | D:12     | Noticed a two-headed ogre
 13708 | D:12     | Noticed Fannar
 13719 | D:11     | Gained mutation: You have a sharp stinger which inflicts
                  | weakening toxins. [demonic ancestry]
 13719 | D:11     | Reached XP level 12. HP: 93/94 MP: 12/12
 13758 | D:12     | Noticed Nergalle
 13776 | D:12     | Killed Nergalle
 14256 | D:12     | Noticed a boulder beetle
 14264 | D:11     | Killed a two-headed ogre
 14344 | D:12     | Killed a boulder beetle
 14424 | D:12     | Killed Fannar
 14875 | D:12     | Found a staircase to the Orcish Mines.
 15263 | D:13     | Received a gift from Trog
 15293 | D:13     | Found a gate to the Vaults.
 15293 | D:13     | Noticed a vault guard
 15314 | D:13     | Killed a vault guard
 15315 | D:13     | Reached skill level 10 in Fighting
 15316 | D:13     | Noticed Frances
 15417 | D:13     | Noticed a boulder beetle
 15434 | D:13     | Noticed Rupert
 15436 | D:13     | Paralysed by Rupert for 4 turns
 15540 | D:13     | Killed Rupert
 15541 | D:13     | Reached XP level 13. HP: 103/103 MP: 13/13
 15589 | D:13     | Killed Frances
 16230 | D:13     | Paralysed by a floating eye for 2 turns
 16596 | D:13     | Identified the +2 dagger "Norph" {vamp, rCorr Str+3}
 18083 | D:15     | Entered Level 15 of the Dungeon
 18269 | D:15     | Found a runed translucent door.
 18270 | D:15     | Found a shimmering altar of Xom.
 18270 | D:15     | Noticed Sapheram's ghost (journeyman DsGl)
 18636 | D:15     | Noticed a fire dragon
 18648 | D:15     | Killed a fire dragon
 18649 | D:15     | Noticed a fire dragon
 18665 | D:15     | Killed a fire dragon
 18666 | D:15     | Reached XP level 14. HP: 113/113 MP: 14/14
 18668 | D:15     | Found a staircase to the Depths.
 19587 | Lair:1   | Entered Level 1 of the Lair of Beasts
 19669 | Lair:1   | Received a gift from Trog
 20461 | Lair:2   | Noticed Sonja
 20468 | Lair:2   | Killed Sonja
 20770 | Lair:2   | Found a snail-covered altar of Cheibriados.
 20791 | Lair:2   | Noticed Gastronok
 20802 | Lair:2   | Killed Gastronok
 21471 | Lair:2   | Identified the +2 dagger "Muczine" {freeze, rElec rC- Str+3
                  | Int+3}
 21987 | Lair:3   | Received a gift from Trog
 22049 | Lair:3   | Found a hole to the Spider Nest.
 22632 | Lair:3   | Found a blossoming altar of Fedhas.
 22760 | Lair:4   | Found a gate leading to a gauntlet.
 22761 | Lair:4   | Found a staircase to the Swamp.
 22783 | Gauntlet | Entered a Gauntlet
 22783 | Gauntlet | Found a transporter.
 22800 | Gauntlet | Found a transporter.
 22803 | Gauntlet | Found a transporter.
 22804 | Gauntlet | Found a transporter.
 22807 | Gauntlet | Found a transporter.
 22808 | Gauntlet | Found a transporter.
 22815 | Gauntlet | Found the dreamshard necklace {*Dream Drain}
 22816 | Gauntlet | Found a transporter.
 22821 | Gauntlet | Found a transporter.
 22836 | Gauntlet | Found a transporter.
 22853 | Gauntlet | Found a transporter.
 22857 | Gauntlet | Found a transporter.
 22859 | Gauntlet | Noticed a cacodemon
 22865 | Gauntlet | Found a transporter.
 23131 | Gauntlet | Identified the ring "Haipaemi" {rPois rC+}
 23246 | Gauntlet | Identified the +3 dagger of Joyful Slaughter {antimagic,
                  | Drain rC+ Int+5 Dex+4}
 24125 | Lair:4   | Reached skill level 1 in Throwing
 24126 | Lair:4   | Gained mutation: You are powered by pain. [demonic
                  | ancestry]
 24126 | Lair:4   | Reached XP level 15. HP: 103/118 MP: 15/15
 24869 | Lair:5   | Found a staircase to the Slime Pits.
 25920 | Lair:6   | Entered Level 6 of the Lair of Beasts
 26808 | Lair:6   | Received a gift from Trog
 27685 | Orc:1    | Entered Level 1 of the Orcish Mines
 28021 | Orc:2    | Entered Level 2 of the Orcish Mines
 28035 | Orc:2    | Found a staircase to the Elven Halls.
 28145 | Orc:2    | Received a gift from Trog
 29564 | Orc:2    | Found Attycob's Antique Armour Shop.
 29564 | Orc:2    | Found Tuotril's Antique Armour Shoppe.
 29566 | Orc:2    | Found Lehaefun's Book Emporium.
 29568 | Orc:2    | Found Pett's Antique Weapon Boutique.
 29572 | Orc:2    | Bought a dazzling chain mail for 323 gold pieces
 29572 | Orc:2    | Identified the +5 chain mail of Lifelessness {rN+ Str-4
                  | Slay+3} (You bought it in a shop on level 2 of the Orcish
                  | Mines)
 29585 | Orc:2    | Bought a runed plate armour for 598 gold pieces
 29587 | Orc:2    | Bought a runed plate armour for 884 gold pieces
 29960 | Spider:1 | Entered Level 1 of the Spider Nest
 30131 | Spider:1 | HP: 4/127 [culicivora[a broodmother] (12)]
 30577 | Spider:1 | Noticed an emperor scorpion
 30595 | Spider:1 | Killed an emperor scorpion
 30945 | Spider:1 | Identified Roxanne's Compendium of Shape Shifting
 30945 | Spider:1 | Noticed Roxanne
 30959 | Spider:1 | Killed Roxanne
 31042 | Spider:1 | Gained mutation: Your magical and physical power is
                  | slightly enhanced at high health. [demonic ancestry]
 31042 | Spider:1 | Reached XP level 16. HP: 97/134 MP: 16/16
 31060 | Spider:1 | Received a gift from Trog
 32411 | Spider:2 | Reached skill level 15 in Fighting
 32415 | Spider:2 | Reached skill level 10 in Dodging
 32572 | Spider:2 | Reached skill level 5 in Throwing
 32728 | Spider:2 | Reached skill level 15 in Armour
 34897 | Spider:3 | Received a gift from Trog
 35878 | Spider:4 | Entered Level 4 of the Spider Nest
 36086 | Spider:4 | Noticed Arachne
 36100 | Spider:4 | Killed Arachne
 36117 | Spider:4 | Noticed Donald
 36180 | Spider:4 | Reached XP level 17. HP: 93/144 MP: 17/17
 36268 | Spider:4 | Received a gift from Trog
 36300 | Spider:4 | HP: 6/145 [spark wasp (12)]
 37323 | Spider:3 | HP: 6/146 [wolf spider (7)]
 37324 | Spider:3 | Slain by a wolf spider

Illustrated notes

Levels and vault maps discovered:
D:1:      nzn_arrival_settlement, layout_loops_ring,
          ebering_ecumenical_altar_petrified
D:2:      layout_loops_ring, minmay_ruptured
D:3:      layout_loops_corners, mainiacjoe_overflow_tiny_flanked, serial_shops,
          nicolae_shop_overgrown_old_shop, kennysheep_generic_room_4,
          uniq_terence
D:4:      layout_gridville, grunt_ministairs_6, chequers_serial_rivers_micro_e,
          grunt_decor_fettered, uniq_crazy_yiuf_cottage, uniq_menkaure
D:5:      kennysheep_spiral_hall, layout_loops_ring
D:6:      layout_basic, hangedman_decor_slide_cut, uniq_maggie
D:7:      layout_gridville, nemelex_xobeh_ov_fountains_minmay,
          minmay_temple_entry_drinking_statues
D:8:      layout_gridville, uniq_maurice, uniq_harold, uniq_grum, uniq_joseph
D:9:      layout_basic, erik_lair_orcish_takeover, uniq_erolcha
D:10:     layout_big_octagon, minmay_misc_feat_square
D:11:     layout_rooms
D:12:     layout_cave_pools, david_orc_4, uniq_nergalle, uniq_fannar
D:13:     layout_rooms, grunt_vaults_entry_tiered, disabler_island, uniq_rupert,
          uniq_frances
D:14:     layout_irregular_city, chequers_arboretum, minmay_between
D:15:     grunt_enter_depths_hoard, layout_irregular_city, ebering_ghost_xom
Lair:1:   layout_regular_city, minivault_23, beast_lair_carwin_9,
          wad_woods_river_01
Lair:2:   layout_regular_city, basic_altar, uniq_sonja, uniq_gastronok
Lair:3:   layout_misc_corridors, nicolae_spider_entry_tight_spaces,
          nicolae_lair_lil_pond, nicolae_lair_grove_arrangements, tgw_fedhas,
          infiniplex_staircase_pool_2
Lair:4:   layout_roguey, minmay_swamp_entry_reptiles, gauntlet_entry_generic,
          lemuel_old_faithful, grunt_megastairs_5, infiniplex_staircase_pool
Lair:5:   layout_cave_pods, nicolae_slime_entry_slimehenge, grunt_megastairs_1
Lair:6:   minmay_lair_end_enchanted_forest, layout_cave_pods, grunt_megastairs_2
Spider:1: layout_chambers, nicolae_spider_some_kinda_spiderbox, uniq_roxanne
Spider:2: layout_spider_delve, nicolae_spider_bug_shape
Spider:3: nicolae_spider_jumping_over_cracks
          [nicolae_spider_jumping_sub_shuffled,
          nicolae_spider_jumping_sub_pools, nicolae_spider_jumping_sub_divot,
          nicolae_spider_jumping_sub_moat], nicolae_spider_baby_got_redback
Spider:4: johnstein_spider_rune_arachne_lair, uniq_donald
Orc:1:    layout_caves
Orc:2:    st_orc_rangers, layout_diamond_mine

Skill      XL: |  1  2  3  4  5  6  7  8  9 10 11 12 13 14 15 16 17 |
---------------+----------------------------------------------------+-----
Dodging        | 2 3 4 5 6 7 8 9 10 | 10.6
Armour         | 2 3 4 5 6 7 8 10 11 12 13 14 15 16 | 16.0
Fighting       | 4 5 6 7 8 10 11 12 14 16 | 16.6
Polearms       | 1 3 4 |  4.2
Staves         | 1 5 8 10 12 13 14 | 14.6
Throwing       | 1 3 7 |  7.2
Axes           | |  2.9
Shields        | |  0.1

Action                   |  1- 3 |  4- 6 |  7- 9 | 10-12 | 13-15 | 16-18 || total
-------------------------+-------+-------+-------+-------+-------+-------++-------
Melee: Hand axe          |   117 |    35 |       |       |       |       ||   152
       Punch             |     1 |     2 |     3 |       |       |       ||     6
       Trident           |       |    76 |   142 |       |       |       ||   218
       Halberd           |       |       |    34 |       |       |       ||    34
       Quarterstaff      |       |       |   101 |   514 |  1160 |   561 ||  2336
       Tailslap          |       |       |       |    95 |   212 |   115 ||   422
Throw: Boomerang         |       |       |       |       |    36 |    60 ||    96
       Javelin           |       |       |       |       |       |     3 ||     3
Invok: Trog's Hand       |       |     2 |     3 |     5 |    11 |    10 ||    31
       Berserk           |       |     2 |     1 |     5 |     1 |     3 ||    12
  Use: Scroll            |     6 |     2 |     7 |     7 |     9 |     6 ||    37
       Potion            |       |     2 |       |     4 |     2 |     8 ||    16
 Stab: Distracted        |     1 |       |       |     3 |       |     1 ||     5
Armor: Leather armour    |    12 |       |       |       |       |       ||    12
       Animal skin       |     2 |       |       |       |       |       ||     2
       Chain mail        |    48 |    65 |     2 |       |    51 |   494 ||   660
       Plate armour      |       |       |   212 |   386 |   543 |       ||  1141
Dodge: Dodged            |    56 |    41 |   136 |   283 |   604 |   501 ||  1621
Block: Other             |     5 |    23 |    90 |   132 |    94 |   138 ||   482
       Reflection        |       |       |     1 |     9 |     7 |       ||    17

Table legend: (Time is in decaauts)
 A = Elapsed time spent in this place.
 B = Non-inter-level travel time spent in this place.
 C = Inter-level travel time spent in this place.
 D = Time resting spent in this place.
 E = Time spent auto-exploring this place.
 F = Levels seen in this place.
 G = Mean time per level.
                   A        B        C        D        E       F      G
               +--------+--------+--------+--------+--------+-----+--------+
         Total |  36831 |  35668 |   1163 |   4932 |  24699 |  28 | 1315.4 |
       Dungeon |  19767 |  19014 |    753 |   2996 |  12916 |  15 | 1317.8 |
          Lair |   7374 |   7109 |    265 |     34 |   5949 |   6 | 1229.0 |
   Spider Nest |   7148 |   7058 |     90 |   1482 |   4416 |   4 | 1787.0 |
  Orcish Mines |   2072 |   2019 |     53 |    417 |   1168 |   2 | 1036.0 |
      Gauntlet |    468 |    468 |      0 |      2 |    250 |   1 |  468.0 |
               +--------+--------+--------+--------+--------+-----+--------+

Top non-repeatable levels by time:
Spider:3: 2490 daAuts
Spider:1: 2128 daAuts
Spider:2: 1970 daAuts
     D:5: 1925 daAuts
     D:9: 1755 daAuts
    D:13: 1655 daAuts
  Lair:6: 1546 daAuts
  Lair:5: 1469 daAuts
     D:4: 1449 daAuts
    D:15: 1404 daAuts
     D:6: 1374 daAuts
    D:14: 1364 daAuts
   Orc:2: 1350 daAuts
    D:11: 1331 daAuts
     D:8: 1296 daAuts
